NCAA
STANFORD CARDINAL @ FLORIDA GATORS
05/20/2026
 
TOP OF THE 1ST
Stanford Cardinal batting - Pitching for Florida Gators : RHP Dustin Lynch
Pitching: RHP Dustin Lynch
Batting: RHB Rory Howard 0-0: Ball
1-0: Ball
2-0: Ball
3-0: Called Strike
3-1: Base on Balls
Batting: RHB Fernando Vargas 0-0: Ball
1-0: Ball
2-0: Called Strike
2-1: Foul Ball, location: 2F
2-2: Strikes out swinging
Batting: LHB Geoffrey Bird 0-0: Ball
1-0: Called Strike
1-1: Called Strike
1-2: Ball
2-2: Foul Ball, location: 2F
2-2: Ball
3-2: Fly out, F8 (Line Drive, 8LM)
Batting: RHB Scott McGuire 0-0: Foul Ball, location: 2F
0-1: Ball
1-1: Swinging Strike
1-2: Ball
2-2: Ball
3-2: Foul Ball, location: 2F
3-2: Fly out, F4 (Popup, 34)
Top of the 1st over - 0 run(s), 0 hit(s), 0 error(s), 1 left on base; Stanford 0 - Florida 0
BOTTOM OF THE 1ST
Florida Gators batting - Pitching for Stanford Cardinal : RHP Wayne Williams
Pitching: RHP Wayne Williams
Batting: LHB Bob MacDonald 0-0: Ball
1-0: Foul Ball, location: 2F
1-1: Foul Ball, location: 2F
1-2: Strikes out swinging
Batting: RHB Luis Morales 0-0: Called Strike
0-1: Called Strike
0-2: Ball
1-2: Ball
2-2: Fly out, F8 (Flyball, 8RS)
Batting: RHB Butch Richardson 0-0: Ball
1-0: Fly out, F7 (Flyball, 7S)
Bottom of the 1st over - 0 run(s), 0 hit(s), 0 error(s), 0 left on base; Stanford 0 - Florida 0
TOP OF THE 2ND
Stanford Cardinal batting - Pitching for Florida Gators : RHP Dustin Lynch
Batting: RHB Albert Abbott 0-0: Foul Ball, location: 2F
0-1: Ground out 1-3 (Groundball, 15)
Batting: RHB Jake Jeffries 0-0: Called Strike
0-1: Ball
1-1: Ball
2-1: Ball
3-1: Foul Ball, location: 2F
3-2: Strikes out swinging
Batting: SHB Jimmy Wilson 0-0: Hit by Pitch
Batting: RHB Millard Long 0-0: Swinging Strike
0-1: Fly out, F8 (Line Drive, 8RM)
Top of the 2nd over - 0 run(s), 0 hit(s), 0 error(s), 1 left on base; Stanford 0 - Florida 0
BOTTOM OF THE 2ND
Florida Gators batting - Pitching for Stanford Cardinal : RHP Wayne Williams
Batting: RHB Jon Newsome 0-0: Ball
1-0: Called Strike
1-1: Foul Ball, location: 2F
1-2: Strikes out swinging
Batting: RHB Seth Burgess 0-0: Called Strike
0-1: Swinging Strike
0-2: Foul Ball, location: 2F
0-2: Foul Ball, location: 2F
0-2: Foul Ball, location: 2F
0-2: Ball
1-2: Ball
2-2: Strikes out swinging
Batting: RHB Artie Jackson 0-0: Fly out, F9 (Popup, 4D)
Bottom of the 2nd over - 0 run(s), 0 hit(s), 0 error(s), 0 left on base; Stanford 0 - Florida 0
TOP OF THE 3RD
Stanford Cardinal batting - Pitching for Florida Gators : RHP Dustin Lynch
Batting: RHB Jimmie Powell 0-0: Called Strike
0-1: Called Strike
0-2: Fly out, F8 (Flyball, 8LM)
Batting: RHB Rory Howard 0-0: SOLO HOME RUN (Flyball, 78XD), Distance : 379 ft
Batting: RHB Fernando Vargas 0-0: Called Strike
0-1: Ground out 6-3 (Groundball, 6M)
Batting: LHB Geoffrey Bird 0-0: Ball
1-0: Foul Ball, location: 2F
1-1: Swinging Strike
1-2: Ball
2-2: Ball
3-2: Base on Balls
Batting: RHB Scott McGuire 0-0: Called Strike
0-1: Ball
1-1: Ball
2-1: Called Strike
2-2: Ball
3-2: Foul Ball, location: 2F
3-2: Foul Ball, location: 2F
3-2: Base on Balls
Geoffrey Bird to second
Batting: RHB Albert Abbott 0-0: Called Strike
0-1: Called Strike
0-2: Ball
1-2: Ball
2-2: Strikes out swinging
Top of the 3rd over - 1 run(s), 1 hit(s), 0 error(s), 2 left on base; Stanford 1 - Florida 0
BOTTOM OF THE 3RD
Florida Gators batting - Pitching for Stanford Cardinal : RHP Wayne Williams
Batting: RHB Manny Gutiérrez 0-0: Ball
1-0: Called Strike
1-1: Ground out 1-3 (Groundball, 13)
Batting: SHB Pedro Rodríguez 0-0: Ball
1-0: Swinging Strike
1-1: Called Strike
1-2: Strikes out swinging
Batting: RHB Marshall Normore 0-0: Swinging Strike
0-1: Fly out, F9 (Flyball, 9LM)
Bottom of the 3rd over - 0 run(s), 0 hit(s), 0 error(s), 0 left on base; Stanford 1 - Florida 0
TOP OF THE 4TH
Stanford Cardinal batting - Pitching for Florida Gators : RHP Dustin Lynch
Batting: RHB Jake Jeffries 0-0: Called Strike
0-1: Called Strike
0-2: Ball
1-2: Ball
2-2: Fly out, F4 (Popup, 4M)
Batting: SHB Jimmy Wilson 0-0: Called Strike
0-1: Foul Ball, location: 2F
0-2: Hit by Pitch
Batting: RHB Millard Long 0-0: Called Strike
Throwing error on steal attempt, E2
Jimmy Wilson to third
0-1: Swinging Strike
0-2: Ball
1-2: Ball
2-2: Foul Ball, location: 2F
2-2: Ball
3-2: Foul Ball, location: 2F
3-2: Foul Ball, location: 2F
3-2: SINGLE (Groundball, 6)
Jimmy Wilson scores
Batting: RHB Jimmie Powell 0-0: SINGLE (Line Drive, 7LS)
Millard Long to second
Batting: RHB Rory Howard 0-0: Called Strike
0-1: Foul Ball, location: 2F
0-2: Foul Ball, location: 2F
0-2: Ball
1-2: Ball
2-2: Strikes out swinging
Pitching: RHP Sonny Harris
Batting: RHB Fernando Vargas 0-0: SINGLE (Line Drive, 9LS)
Millard Long to third
Jimmie Powell to second
Runner from 3rd tries for Home, SAFE, no throw or cutoff
Batting: LHB Geoffrey Bird 0-0: Foul Ball, location: 2F
0-1: Foul Ball, location: 2F
0-2: Foul Ball, location: 2F
0-2: Ball
1-2: Foul Ball, location: 2F
1-2: Ball
2-2: Foul Ball, location: 2F
2-2: DOUBLE (Line Drive, 89M)
Jimmie Powell scores
Fernando Vargas to third
Runner from 3rd tries for Home, SAFE, no throw or cutoff
Batting: RHB Scott McGuire 0-0: Ball
1-0: Foul Ball, location: 2F
1-1: Ball
2-1: Ball
3-1: Foul Ball, location: 2F
3-2: Base on Balls
Batting: RHB Albert Abbott 0-0: Fielders Choice at 2nd, U6 (Groundball, 6M)
Top of the 4th over - 4 run(s), 4 hit(s), 1 error(s), 2 left on base; Stanford 5 - Florida 0
BOTTOM OF THE 4TH
Florida Gators batting - Pitching for Stanford Cardinal : RHP Wayne Williams
Batting: LHB Bob MacDonald 0-0: Ball
1-0: Foul Ball, location: 2F
1-1: Called Strike
1-2: Foul Ball, location: 2F
1-2: Strikes out swinging
Batting: RHB Luis Morales 0-0: Ball
1-0: Foul Ball, location: 2F
1-1: Ball
2-1: Ball
3-1: Called Strike
3-2: Foul Ball, location: 2F
3-2: Strikes out swinging
Batting: RHB Butch Richardson 0-0: Ball
1-0: SINGLE (Flyball, 78S)
Batting: RHB Jon Newsome 0-0: Ball
1-0: Ground out 5-3 (Groundball, 56S)
Bottom of the 4th over - 0 run(s), 1 hit(s), 0 error(s), 1 left on base; Stanford 5 - Florida 0
TOP OF THE 5TH
Stanford Cardinal batting - Pitching for Florida Gators : RHP Sonny Harris
Batting: RHB Jake Jeffries 0-0: Ball
1-0: Called Strike
1-1: Called Strike
1-2: Strikes out swinging
Batting: SHB Jimmy Wilson 0-0: Ground out 4-3 (Groundball, 4)
Batting: RHB Millard Long 0-0: Ball
1-0: Called Strike
1-1: Foul Ball, location: 2F
1-2: Strikes out swinging
Top of the 5th over - 0 run(s), 0 hit(s), 0 error(s), 0 left on base; Stanford 5 - Florida 0
BOTTOM OF THE 5TH
Florida Gators batting - Pitching for Stanford Cardinal : RHP Wayne Williams
Batting: RHB Seth Burgess 0-0: SINGLE (Flyball, 8LS)
Batting: RHB Artie Jackson 0-0: Swinging Strike
0-1: Fly out, F1 (Line Drive, 13)
Batting: RHB Manny Gutiérrez 0-0: Called Strike
Reached via error on a dropped throw, E3
Seth Burgess to second
Batting: SHB Pedro Rodríguez 0-0: Swinging Strike
0-1: Swinging Strike
0-2: SINGLE (Groundball, 25) (infield hit)
Seth Burgess to third
Manny Gutiérrez to second
Batting: RHB Marshall Normore 0-0: Called Strike
0-1: Foul Ball, location: 2F
0-2: Ball
1-2: Strikes out looking
Batting: LHB Bob MacDonald 0-0: Ball
1-0: Ball
2-0: Foul Ball, location: 2F
2-1: Fly out, F1 (Popup, 13S)
Bottom of the 5th over - 0 run(s), 2 hit(s), 1 error(s), 3 left on base; Stanford 5 - Florida 0
TOP OF THE 6TH
Stanford Cardinal batting - Pitching for Florida Gators : RHP Sonny Harris
Batting: RHB Jimmie Powell 0-0: Ball
1-0: Ball
2-0: Ball
3-0: Called Strike
3-1: Base on Balls
Batting: RHB Rory Howard 0-0: Called Strike
0-1: Foul Ball, location: 2F
0-2: Ball
1-2: Fielders Choice at 2nd, 1-6 (Groundball, 13)
Batting: RHB Fernando Vargas 0-0: Ball
1-0: Called Strike
1-1: Ball
2-1: Foul Ball, location: 2F
2-2: Strikes out swinging
Pitching: RHP Mike Walker
Batting: LHB Geoffrey Bird 0-0: Ball
Rory Howard steals 2nd base
1-0: Ball
2-0: Ground out 6-3 (Groundball, 6)
Top of the 6th over - 0 run(s), 0 hit(s), 0 error(s), 1 left on base; Stanford 5 - Florida 0
BOTTOM OF THE 6TH
Florida Gators batting - Pitching for Stanford Cardinal : RHP Wayne Williams
Batting: RHB Luis Morales 0-0: Called Strike
0-1: Ball
1-1: Fly out, F7 (Flyball, 7M)
Batting: RHB Butch Richardson 0-0: Ground out 5-3 (Groundball, 5)
Batting: RHB Jon Newsome 0-0: Ball
1-0: Swinging Strike
1-1: Foul Ball, location: 2F
1-2: Ball
2-2: Ball
3-2: Foul Ball, location: 2F
3-2: Base on Balls
Batting: RHB Seth Burgess 0-0: Ball
1-0: DOUBLE (Line Drive, 7LM)
Jon Newsome to third
Batting: RHB Artie Jackson Reached via error on a dropped throw, E1
Jon Newsome scores
Seth Burgess to third
Batting: RHB Manny Gutiérrez 0-0: Called Strike
0-1: Ball
1-1: Foul Ball, location: 2F
1-2: Ball
2-2: Strikes out looking
Bottom of the 6th over - 1 run(s), 1 hit(s), 1 error(s), 2 left on base; Stanford 5 - Florida 1
TOP OF THE 7TH
Stanford Cardinal batting - Pitching for Florida Gators : RHP Mike Walker
Batting: RHB Scott McGuire 0-0: Ball
1-0: Ball
2-0: Ball
3-0: Base on Balls
Batting: RHB Albert Abbott 0-0: Called Strike
0-1: Ball
1-1: Ball
2-1: Foul Ball, location: 2F
2-2: Ball
3-2: SINGLE (Groundball, 4MD)
Scott McGuire to second
Batting: RHB Jake Jeffries 0-0: Ball
1-0: Ball
2-0: Called Strike
2-1: Foul Ball, location: 2F
2-2: Grounds into double play, 6-4-3 (Groundball, 6M)
Scott McGuire to third
Batting: SHB Jimmy Wilson 0-0: Ball
1-0: 2-RUN HOME RUN (Flyball, 9D), Distance : 361 ft
Batting: RHB Millard Long 0-0: Ground out 4-3 (Groundball, 4M)
Top of the 7th over - 2 run(s), 2 hit(s), 0 error(s), 0 left on base; Stanford 7 - Florida 1
BOTTOM OF THE 7TH
Florida Gators batting - Pitching for Stanford Cardinal : RHP Wayne Williams
Pitching: LHP Ray McKnight
Now in LF: Dylan Wolf
Batting: SHB Pedro Rodríguez 0-0: Foul Ball, location: 2F
0-1: Ball
1-1: DOUBLE (Flyball, 9LM)
Batting: RHB Marshall Normore 0-0: Foul Ball, location: 2F
0-1: Ball
1-1: Ball
2-1: Called Strike
2-2: Foul Ball, location: 2F
2-2: Ball
3-2: Foul Ball, location: 2F
3-2: Base on Balls
Batting: LHB Bob MacDonald 0-0: Foul Ball, location: 2F
0-1: Swinging Strike
0-2: Strikes out swinging
Batting: RHB Luis Morales 0-0: Foul Ball, location: 2F
0-1: Called Strike
0-2: Ball
1-2: Strikes out swinging
Batting: RHB Butch Richardson 0-0: Ball
1-0: Called Strike
1-1: Called Strike
1-2: Foul Ball, location: 2F
1-2: Ball
2-2: Strikes out swinging
Bottom of the 7th over - 0 run(s), 1 hit(s), 0 error(s), 2 left on base; Stanford 7 - Florida 1
TOP OF THE 8TH
Stanford Cardinal batting - Pitching for Florida Gators : RHP Mike Walker
Batting: RHB Jimmie Powell 0-0: Called Strike
0-1: Ball
1-1: Called Strike
1-2: Ball
2-2: Ball
3-2: Foul Ball, location: 2F
3-2: Strikes out swinging
Batting: RHB Rory Howard 0-0: Ground out 5-3 (Groundball, 56S)
Batting: RHB Fernando Vargas 0-0: Foul Ball, location: 2F
0-1: DOUBLE (Flyball, 7D)
Batting: LHB Geoffrey Bird 0-0: Ball
1-0: Called Strike
1-1: Foul Ball, location: 2F
1-2: Foul Ball, location: 2F
1-2: Strikes out swinging
Top of the 8th over - 0 run(s), 1 hit(s), 0 error(s), 1 left on base; Stanford 7 - Florida 1
BOTTOM OF THE 8TH
Florida Gators batting - Pitching for Stanford Cardinal : LHP Ray McKnight
Batting: RHB Jon Newsome 0-0: Called Strike
0-1: Ball
1-1: Swinging Strike
1-2: Foul Ball, location: 2F
1-2: Ball
2-2: Ground out 6-3 (Groundball, 6M)
Batting: RHB Seth Burgess 0-0: Swinging Strike
0-1: Swinging Strike
0-2: Ball
1-2: Ball
2-2: Strikes out swinging
Batting: RHB Artie Jackson 0-0: Ball
1-0: Ball
2-0: Ball
3-0: Called Strike
3-1: Base on Balls
Batting: RHB Manny Gutiérrez 0-0: Swinging Strike
0-1: Ball
1-1: Swinging Strike
1-2: Fly out, F3 (Popup, 3F)
Bottom of the 8th over - 0 run(s), 0 hit(s), 0 error(s), 1 left on base; Stanford 7 - Florida 1
TOP OF THE 9TH
Stanford Cardinal batting - Pitching for Florida Gators : RHP Mike Walker
Batting: RHB Scott McGuire 0-0: Ball
1-0: Ball
2-0: Ball
3-0: Base on Balls
Pitching: RHP Michael Short
Batting: RHB Dylan Wolf 0-0: Foul Ball, location: 2F
0-1: Ball
1-1: Called Strike
1-2: Foul Ball, location: 2F
1-2: Ball
2-2: Foul Ball, location: 2F
2-2: Foul Ball, location: 2F
2-2: Ball
3-2: Foul Ball, location: 2F
3-2: Foul Ball, location: 2F
3-2: Fly out, F7 (Flyball, 7LM)
Batting: RHB Jake Jeffries 0-0: Ball
1-0: Ball
2-0: Ball
3-0: Base on Balls
Scott McGuire to second
Batting: SHB Jimmy Wilson 0-0: Ball
1-0: Foul Ball, location: 2F
1-1: Ball
2-1: Hit by Pitch
Scott McGuire to third
Jake Jeffries to second
Batting: RHB Millard Long 0-0: SINGLE (Flyball, 8RM)
Scott McGuire scores
Jake Jeffries to third
Jimmy Wilson to second
Batting: RHB Jimmie Powell 0-0: Ball
1-0: Ball
2-0: Foul Ball, location: 2F
2-1: DOUBLE (Line Drive, 9LM)
Jake Jeffries scores
Jimmy Wilson scores
Millard Long to third
Runner from 3rd tries for Home, SAFE, no throw or cutoff
Batting: RHB Rory Howard 0-0: Ball
1-0: Called Strike
1-1: Foul Ball, location: 2F
1-2: Foul Ball, location: 2F
1-2: Strikes out swinging
Batting: RHB Fernando Vargas 0-0: Foul Ball, location: 2F
0-1: Ball
1-1: Ball
2-1: Ball
3-1: Base on Balls
Batting: LHB Geoffrey Bird 0-0: Ground out U3 (Groundball, 3)
Top of the 9th over - 4 run(s), 2 hit(s), 0 error(s), 2 left on base; Stanford 11 - Florida 1
BOTTOM OF THE 9TH
Florida Gators batting - Pitching for Stanford Cardinal : LHP Ray McKnight
Pitching: RHP Stan Franco
Batting: SHB Pedro Rodríguez 0-0: SINGLE (Line Drive, 8RS)
Batting: RHB Marshall Normore 0-0: Called Strike
0-1: Ball
1-1: Ball
2-1: Ball
3-1: Base on Balls
Pedro Rodríguez to second
Batting: LHB Bob MacDonald 0-0: Called Strike
0-1: Grounds into double play, 6-4-3 (Groundball, 6)
Pedro Rodríguez to third
Batting: RHB Luis Morales 0-0: Called Strike
0-1: Ball
1-1: Ball
2-1: Ball
3-1: Base on Balls
Batting: RHB Butch Richardson 0-0: Foul Ball, location: 2F
0-1: Ball
1-1: Fly out, F6 (Line Drive, 56)
Bottom of the 9th over - 0 run(s), 1 hit(s), 0 error(s), 2 left on base; Stanford 11 - Florida 1
Monday, December 5th, 2016 - OOTP Baseball 17.12 Build 75